 Dungeon Crawl Stone Soup version 0.26-a0-800-g517d6fe721 (webtiles) character file.

Game seed: 11012096558724347539

143 iamoutofideas the Ruffian (level 5, 0/48 HPs)
             Began as a Troll Hunter on Nov 11, 2020.
             Slain by a goblin
             ... wielding a +0 club
             ... led by Robin
              (5 damage)
             ... on level 3 of the Dungeon.
             The game lasted 00:01:48 (1598 turns).

iamoutofideas the Ruffian (Troll Hunter)            Turns: 1598, Time: 00:01:49

Health: 0/48       AC:  6    Str: 21    XL:     5   Next: 4%
Magic:  4/4        EV: 10    Int:  7    God:
Gold:   103        SH:  0    Dex: 10    Spells: 4/4 levels left

rFire    . . .     SeeInvis .     - Unarmed
rCold    . . .     Faith    .   (no shield)
rNeg     . . .     Spirit   .   b - +0 robe
rPois    .         Reflect  .   (helmet restricted)
rElec    .         Harm     .   (no cloak)
rCorr    .         Rampage  .   (gloves unavailable)
MR       .....                  (boots unavailable)
Stlth    +.........             (no amulet)
HPRegen  0.56/turn              (no ring)
MPRegen  0.09/turn              (no ring)

@: no status effects
A: large, unfitting armour, claws 3, regeneration 1, shaggy fur 1, tough skin 3
a: no special abilities


You were on level 3 of the Dungeon.
You visited 1 branch of the dungeon, and saw 3 of its levels.

You collected 103 gold pieces.

Inventory:

Missiles
 c - 5 large rocks (quivered)
 d - 2 throwing nets
 k - 57 stones
Armour
 b - a +0 robe (worn)
Jewellery
 j - an uncursed amulet of the acrobat {unknown}
Scrolls
 e - 2 scrolls of identify {unknown}
 g - a scroll of enchant armour {unknown}
 h - 2 scrolls of remove curse {unknown}
 i - a scroll of blinking {unknown}
 l - 3 scrolls of teleportation {unknown}
 m - a scroll of fear {unknown}
Potions
 a - a potion of resistance {unknown}
 f - a potion of curing {unknown}
 n - a potion of cancellation {unknown}
 o - a potion of heal wounds {unknown}
 p - a potion of brilliance {unknown}


   Skills:
 - Level 1.5 Fighting
 - Level 3.7 Throwing
 - Level 1.5 Dodging
 - Level 0.3 Stealth
 + Level 4.6 Unarmed Combat


You had 4 spell levels left.
You didn't know any spells.
Your spell library was empty.

Dungeon Overview and Level Annotations

Branches:
Dungeon (3/15)

Altars:
Xom

Annotations:
D:3 Grinder, Robin


Innate Abilities, Weirdness & Mutations

You are too large for most types of armour.
You have claws for hands.
Your natural rate of healing is unusually fast.
You are covered in fur. (AC +1)
You have extremely tough skin. (AC +3)


Message History

The iguana closely misses you. The goblin hits you with a +0 club.
The goblin hits you but does no damage. x2; Grinder blinks!
You scratch the iguana but do no damage.
The iguana is moderately wounded.
The goblin hits you but does no damage. The iguana bites you!
The goblin completely misses you. The goblin hits you.
You closely miss the iguana.
The iguana is moderately wounded.
The hobgoblin no longer looks unusually strong.
The goblin hits you but does no damage. The iguana bites you!
* * * LOW HITPOINT WARNING * * *
The goblin closely misses you. The goblin hits you.
* * * LOW HITPOINT WARNING * * *
You are too injured to fight recklessly!
You scratch the goblin.
You kill the goblin!
Robin throws the goblin at you! The iguana bites you.
* * * LOW HITPOINT WARNING * * *
The goblin hits you but does no damage. The goblin hits you with a +0 club.
You die...

#.......#...
#.......#......
####.............
#<####........ #.##
.......
#..####.......
..#####......#......
......lgg...........
#####@###.....##
####g####...##
#..grg.##.#..#
#..ggg5#..# ..# .
#...ggg..## ... .#
#.......## #...
#.......### ##.#
#..(......###...##
#####..#.........##


You could see Grinder, an iguana, Robin, 4 hobgoblins, 6 goblins and a rat.

Vanquished Creatures
  2 orc priests (D:2)
  An adder (D:2)
  An ooze (D:1)
  2 worms (D:2)
  2 dart slugs (D:1)
  3 orcs
  A ball python (D:3)
  6 giant cockroaches
  7 goblins
  8 hobgoblins
  2 jackals (D:1)
  A quokka (D:2)
  9 bats
  4 frilled lizards
  6 kobolds
  3 rats
58 creatures vanquished.

Notes
Turn   | Place    | Note
-------+----------+-------------------------------------------
     0 | D:1      | iamoutofideas the Troll Hunter began the quest for the Orb.
     0 | D:1      | Reached XP level 1. HP: 19/19 MP: 0/0
    71 | D:1      | Reached skill level 1 in Unarmed Combat
    71 | D:1      | Reached XP level 2. HP: 20/27 MP: 1/1
   112 | D:1      | Found a shimmering altar of Xom.
   294 | D:1      | Reached skill level 2 in Unarmed Combat
   428 | D:1      | Reached XP level 3. HP: 33/33 MP: 2/2
   785 | D:2      | Reached skill level 3 in Unarmed Combat
  1398 | D:2      | Reached XP level 4. HP: 41/41 MP: 3/3
  1462 | D:2      | Reached skill level 4 in Unarmed Combat
  1574 | D:3      | Noticed Robin
  1587 | D:3      | Reached XP level 5. HP: 48/48 MP: 4/4
  1588 | D:3      | Noticed Grinder
  1598 | D:3      | Slain by a goblin

Illustrated notes

Levels and vault maps discovered:
D:1:      elethiomel_arrival_infinity_welcomes_careful_drivers, layout_rooms,
          xom_teletrap_fun
D:2:      layout_loops_corners
D:3:      layout_rooms, minmay_misc_feat_x, grunt_dithmenos_smoke_and_mirrors,
          uniq_grinder, uniq_terence, uniq_crazy_yiuf_cottage, uniq_robin

Skill      XL: |  1  2  3  4 |
---------------+-------------+-----
Unarmed Combat | 1 2 3 4 |  4.6
Fighting       | |  1.5
Throwing       | |  3.7
Dodging        | |  1.5
Stealth        | |  0.3

Action                   |  1- 3 |  4- 6 || total
-------------------------+-------+-------++-------
Melee: Unarmed           |   101 |    41 ||   142
 Stab: Sleeping          |     1 |       ||     1
Armor: Robe              |    54 |    31 ||    85
Dodge: Dodged            |    47 |    25 ||    72

Table legend: (Time is in decaauts)
 A = Elapsed time spent in this place.
 B = Non-inter-level travel time spent in this place.
 C = Inter-level travel time spent in this place.
 D = Time resting spent in this place.
 E = Time spent auto-exploring this place.
 F = Levels seen in this place.
 G = Mean time per level.
                   A        B        C        D        E       F      G
               +--------+--------+--------+--------+--------+-----+--------+
         Total |   1592 |   1551 |     41 |     48 |   1143 |   3 |  530.7 |
       Dungeon |   1592 |   1551 |     41 |     48 |   1143 |   3 |  530.7 |
               +--------+--------+--------+--------+--------+-----+--------+

Top non-repeatable levels by time:
     D:2: 920 daAuts
     D:1: 597 daAuts
     D:3: 73 daAuts
